 Dungeon Crawl Stone Soup version 0.22-a0-322-g60b3cfd (webtiles) character file.

429 rlgrobin the Shield-Bearer (level 6, 0/47 HPs)
             Began as a Gnoll Wanderer on Apr 4, 2018.
             Slain by Grinder (5 damage)
             ... while paralysed by Grinder
             ... on level 4 of the Dungeon.
             The game lasted 00:20:05 (3569 turns).

rlgrobin the Shield-Bearer (Gnoll Wanderer)         Turns: 3569, Time: 00:20:06

Health: 0/47       AC:  9    Str: 23    XL:     6   Next: 98%
Magic:  11/11      EV:  2    Int: 19    God:
Gold:   168        SH:  0    Dex: 18    Spells: 11/12 levels left

rFire    + . .     SeeInvis .   a - +2 falchion
rCold    + . .     Gourm    .   m - +2 shield
rNeg     . . .     Faith    .   v - +0 scale mail
rPois    +         Spirit   .   r - +1 helmet
rElec    +         Reflect  .   (no cloak)
rCorr    +         Harm     .   c - +0 pair of gloves
MR       .....                  (no boots)
Stlth    ++........             t - amulet of the acrobat
HPRegen  0.15/turn              (no ring)
MPRegen  0.12/turn              (no ring)

@: paralysed, mighty, brilliant, agile, resistant
A: distributed training, fangs 1, strong nose
a: no special abilities


You were on level 4 of the Dungeon.
You were not hungry.

You visited 1 branch of the dungeon, and saw 4 of its levels.

You collected 168 gold pieces.


Innate Abilities, Weirdness & Mutations

Your experience applies equally to all skills.
You have very sharp teeth.
Your uncanny sense of smell can sniff out nearby items.


   Skills:
 + Level 3.3 Fighting
 + Level 2.1 Short Blades
 + Level 3.3 Long Blades
 + Level 2.1 Axes
 + Level 2.1 Maces & Flails
 + Level 2.1 Polearms
 + Level 2.1 Staves
 + Level 2.1 Slings
 + Level 2.1 Bows
 + Level 2.1 Crossbows
 + Level 2.1 Throwing
 + Level 2.1 Armour
 + Level 2.1 Dodging
 + Level 3.2 Stealth
 + Level 5.0 Shields
 + Level 2.1 Unarmed Combat
 + Level 3.5 Spellcasting
 + Level 1.7 Conjurations
 + Level 1.7 Hexes
 + Level 4.2 Charms
 + Level 1.7 Summonings
 + Level 4.2 Necromancy
 + Level 1.7 Translocations
 + Level 1.7 Transmutations
 + Level 1.7 Fire Magic
 + Level 1.7 Ice Magic
 + Level 1.7 Air Magic
 + Level 1.7 Earth Magic
 + Level 1.7 Poison Magic
 + Level 2.3 Invocations
 + Level 2.1 Evocations


You had 11 spell levels left.
You knew the following spells:

 Your Spells              Type           Power        Failure   Level  Hunger
z - Freeze                Ice            ###.         8%          1    None

Inventory:

Hand Weapons
 a - a +2 falchion (weapon)
Armour
 c - a +0 pair of gloves (worn)
 m - a +2 shield (worn)
 r - a +1 helmet (worn)
 v - a +0 scale mail (worn)
Jewellery
 t - an amulet of the acrobat (around neck)
Wands
 q - a wand of polymorph (9)
Scrolls
 b - 2 scrolls of remove curse {unknown}
 i - 2 scrolls of amnesia {unknown}
 k - a scroll of random uselessness {unknown}
 n - a scroll of fog {unknown}
 o - 2 scrolls of identify {unknown}
 p - a scroll of blinking {unknown}
 s - 3 scrolls of enchant armour {unknown}
 w - 2 scrolls of teleportation {unknown}
 x - a scroll of noise {unknown}
Potions
 d - a potion of agility
 e - a potion of curing {unknown}
 h - a potion of cancellation
Comestibles
 f - 10 rations
 g - 3 chunks of flesh

Dungeon Overview and Level Annotations

Branches:
Dungeon (4/15)
 Temple: D:4-7

Altars:
Dithmenos

Annotations:
D:4 Grinder

▒.......▒.▒▒ ∆ ..
▒....▒..▒... .. ..▒
▒▒▒▒▒▒▒▒▒..▒ .. ..▒
▒.......▒ .. ..▒ ▒.▒▒▒▒...
▒. ▒.▒▒▒ ▒▒.▒....[. ▒.
▒.▒.▒ ▒..▒▒▒▒...
▒.▒▒▒▒.▒.▒▒▒..▒ ▒...
▒.▒.g5........▒▒▒▒.▒▒
▒...▒▒.▒......▒.▒▒.▒▒
▒%..▒▒.▒......▒....▒▒
.........▒▒....▒.▒.▒.▒▒...
▒▒▒▒▒▒▒▒▒▒▒▒▒.▒▒...▒.▒▒.▒▒
▒▒▒...▒▒▒▒.▒▒...
▒..▒▒.▒....▒▒▒▒▒
▒▒.▒▒.▒▒.▒.▒ ▒▒
▒....▒....▒ ▒.


You could see Grinder.


Message History

You writhe in agony! * * * don't die
* * * You take 8 damage, and have 10/47 hp!
It was a potion of cancellation!
You feel magically purged!
Grinder blinks!!!
You feel agile all of a sudden!
It was a potion of brilliance!
You feel clever all of a sudden!
It was a potion of resistance!
You feel protected!
It was a potion of might!
You feel very mighty all of a sudden!
You closely miss Grinder!
Grinder is lightly wounded!
Grinder hits you but does no damage!
You open Grinder like a pillowcase!!! Your bite misses Grinder!
Grinder is heavily wounded!
You block Grinder's attack!
Grinder blinks!!!
You closely miss Grinder!
Grinder is heavily wounded!
Grinder blinks!!!
Grinder gestures at you!
You suddenly lose the ability to move!!!
Grinder gestures at you!
Pain shoots through your body!!! * * * don't die
* * * Grinder hits you but does no damage!
Grinder hits you! * * * don't die
* * * You writhe in agony! rip

Action                   |  1- 3 |  4- 6 || total
-------------------------+-------+-------++-------
Melee: Falchion          |    80 |   169 ||   249
       Bite              |    12 |    14 ||    26
Evoke: Wand              |       |     2 ||     2
  Use: Potion            |       |     7 ||     7
  Eat: Chunk             |     1 |     5 ||     6
       Ration            |       |     1 ||     1
Armor: Leather armour    |    10 |       ||    10
       Robe              |     1 |       ||     1
       Ring mail         |    10 |    12 ||    22
       Scale mail        |       |    34 ||    34
Dodge: Dodged            |    42 |    73 ||   115
Block: Buckler           |    19 |    35 ||    54
       Shield            |       |     3 ||     3
       Rpst.: Falchion   |    18 |    34 ||    52

Vault maps used:
D:1:      lemuel_arrival_broad_hall, serial_glass, glass_columns_a,
          glass_columns_b, glass_columns_a, glass_columns_b
D:2:      minmay_small_reverse_x
D:3:      minivault_11, uniq_robin
D:4:      minmay_temple_entry_nine_rooms, lightli_sewer_entry_pipes,
          kennysheep_path_1, grunt_dithmenos_smoke_and_mirrors, uniq_duvessa,
          uniq_grinder, uniq_blork_the_orc

Notes
Turn   | Place    | Note
-------+----------+-------------------------------------------
     0 | D:1      | rlgrobin the Gnoll Wanderer began the quest for the Orb.
     0 | D:1      | rlgrobin set off with: a +2 falchion, a +0 buckler, a +0 robe, a ration
     0 | D:1      | Reached XP level 1. HP: 17/17 MP: 4/4
     2 | D:1      | Learned a level 1 spell: Freeze
   150 | D:1      | Reached XP level 2. HP: 21/23 MP: 5/5
   266 | D:1      | HP: 2/23 [rat (3)]
   709 | D:1      | Reached XP level 3. HP: 28/28 MP: 7/7
  1206 | D:2      | Reached skill level 1 in Invocations
  1488 | D:2      | Reached skill level 1 in Short Blades
  1488 | D:2      | Reached skill level 1 in Axes
  1488 | D:2      | Reached skill level 1 in Maces & Flails
  1488 | D:2      | Reached skill level 1 in Polearms
  1488 | D:2      | Reached skill level 1 in Staves
  1488 | D:2      | Reached skill level 1 in Slings
  1488 | D:2      | Reached skill level 1 in Bows
  1488 | D:2      | Reached skill level 1 in Crossbows
  1488 | D:2      | Reached skill level 1 in Throwing
  1488 | D:2      | Reached skill level 1 in Armour
  1488 | D:2      | Reached skill level 1 in Dodging
  1488 | D:2      | Reached skill level 1 in Unarmed Combat
  1488 | D:2      | Reached skill level 1 in Evocations
  1493 | D:2      | Reached XP level 4. HP: 25/34 MP: 8/8
  1937 | D:2      | Reached skill level 3 in Spellcasting
  2205 | D:3      | Noticed Robin
  2219 | D:3      | Noticed Robin
  2219 | D:3      | Robin changed into Robin the kobold
  2226 | D:3      | Killed Robin the kobold
  2231 | D:3      | Reached skill level 1 in Conjurations
  2231 | D:3      | Reached skill level 1 in Hexes
  2231 | D:3      | Reached skill level 1 in Summonings
  2231 | D:3      | Reached skill level 1 in Translocations
  2231 | D:3      | Reached skill level 1 in Transmutations
  2231 | D:3      | Reached skill level 1 in Fire Magic
  2231 | D:3      | Reached skill level 1 in Ice Magic
  2231 | D:3      | Reached skill level 1 in Air Magic
  2231 | D:3      | Reached skill level 1 in Earth Magic
  2231 | D:3      | Reached skill level 1 in Poison Magic
  2507 | D:3      | Reached XP level 5. HP: 36/40 MP: 9/9
  2951 | D:4      | Found a shadowy altar of Dithmenos.
  3238 | D:4      | Noticed 4thArraOfDagon's ghost (amateur HaWn)
  3262 | D:4      | Killed 4thArraOfDagon's ghost
  3262 | D:4      | Reached skill level 3 in Fighting
  3262 | D:4      | Reached skill level 3 in Long Blades
  3262 | D:4      | Reached skill level 3 in Stealth
  3262 | D:4      | Reached skill level 4 in Charms
  3262 | D:4      | Reached skill level 4 in Necromancy
  3262 | D:4      | Reached skill level 2 in Invocations
  3262 | D:4      | Reached XP level 6. HP: 37/47 MP: 9/11
  3354 | D:4      | Noticed Dowan
  3355 | D:4      | Noticed Duvessa
  3379 | D:4      | Killed Duvessa
  3379 | D:4      | Reached skill level 2 in Short Blades
  3379 | D:4      | Reached skill level 2 in Axes
  3379 | D:4      | Reached skill level 2 in Maces & Flails
  3379 | D:4      | Reached skill level 2 in Polearms
  3379 | D:4      | Reached skill level 2 in Staves
  3379 | D:4      | Reached skill level 2 in Slings
  3379 | D:4      | Reached skill level 2 in Bows
  3379 | D:4      | Reached skill level 2 in Crossbows
  3379 | D:4      | Reached skill level 2 in Throwing
  3379 | D:4      | Reached skill level 2 in Armour
  3379 | D:4      | Reached skill level 2 in Dodging
  3379 | D:4      | Reached skill level 5 in Shields
  3379 | D:4      | Reached skill level 2 in Unarmed Combat
  3379 | D:4      | Reached skill level 2 in Evocations
  3398 | D:4      | Killed Dowan
  3540 | D:4      | Noticed Grinder
  3555 | D:4      | Identified a potion of resistance
  3565 | D:4      | Paralysed by Grinder for 6 turns
  3569 | D:4      | Slain by Grinder

Vanquished Creatures
  The ghost of 4thArraOfDagon the Cutter, an amateur HaWn of Elyvilon (D:4)
  Duvessa (D:4)
  Dowan (D:4)
  An iguana (D:4)
  A gnoll (D:1)
  5 adders
  An ooze (D:2)
  A worm (D:2)
  2 leopard geckos
  An orc (D:3)
  2 ball pythons
  2 giant cockroaches
  15 goblins
  9 hobgoblins
  5 jackals
  6 kobolds
  6 bats
  3 frilled lizards
  4 rats
67 creatures vanquished.
